 Dungeon Crawl Stone Soup version 0.23.1 (console) character file.

Game seed: 12530487530600785599

4390 SirCrawlalot the Spear-Bearer (level 10, -3/90 HPs)
             Began as a Minotaur Fighter on Mar 18, 2019.
             Was an Elder of Wu Jian.
             Splashed by Erolcha's acid (14 damage)
             ... on level 9 of the Dungeon.
             The game lasted 00:44:00 (6720 turns).

SirCrawlalot the Spear-Bearer (Minotaur Fighter)    Turns: 6720, Time: 00:44:01

Health: -3/90      AC: 14    Str: 26    XL:     10   Next: 13%
Magic:  9/9        EV:  8    Int:  5    God:    Wu Jian [****..]
Gold:   602        SH:  7    Dex: 15    Spells: 9/9 levels left

rFire    . . .     SeeInvis .   a - +1 trident
rCold    + . .     Gourm    .   i - +1 buckler {rC+}
rNeg     . . .     Faith    .   j - +1 chain mail
rPois    .         Spirit   .   (helmet restricted)
rElec    .         Reflect  .   p - +2 cloak
rCorr    .         Harm     +   K - +0 pair of gloves
MR       .....                  x - +0 pair of boots
Stlth    ..........             o - amulet of harm
HPRegen  0.25/turn              l - +2 ring of dexterity
MPRegen  0.11/turn              u - ring of flight

@: mighty, corroded, very slightly contaminated
A: retaliatory headbutt, horns 2
a: Wall Jump, Serpent's Lash, Renounce Religion, Evoke Flight


You were on level 9 of the Dungeon.
You worshipped Wu Jian.
Wu Jian was greatly pleased with you.
You were not hungry.

You visited 1 branch of the dungeon, and saw 9 of its levels.

You collected 602 gold pieces.

Inventory:

Hand Weapons
 a - a +1 trident (weapon)
 g - a +0 spear of venom
 t - a +1 spear of piercing
 A - a +0 halberd
Missiles
 e - 7 tomahawks (quivered)
Armour
 i - a +1 buckler of cold resistance (worn)
 j - a +1 chain mail (worn)
 p - a +2 cloak (worn)
 x - a +0 pair of boots (worn)
 K - a +0 pair of gloves (worn)
Jewellery
 l - a +2 ring of dexterity (left hand)
 o - an amulet of harm (around neck)
 u - a ring of flight (right hand)
 z - an uncursed ring of magical power
Wands
 b - a wand of polymorph (16)
 n - a wand of random effects (12)
 D - a wand of acid (6)
 G - a wand of disintegration (10)
Scrolls
 k - 7 scrolls of teleportation
 q - 2 scrolls of identify
 r - 5 scrolls of amnesia
 v - 7 scrolls of remove curse
 y - 3 scrolls of fog
 B - a scroll of enchant weapon
 C - a scroll of enchant armour
Potions
 d - a potion of lignification
 s - 3 potions of haste
Comestibles
 f - 17 rations
 J - 7 chunks of flesh


   Skills:
 + Level 8.5 Fighting
 + Level 12.0 Polearms
 + Level 9.2 Armour
 + Level 7.3 Shields


You had 9 spell levels left.
You didn't know any spells.
Your spell library contained the following spells:

 Spells                   Type           Power        Failure   Level  Hunger
 Corona                   Hex            #......      95%         1    ##.....
 Magic Dart               Conj           #...         95%         1    ##.....
 Sting                    Conj/Pois      #...         95%         1    ##.....
 Ensorcelled Hibernation  Hex/Ice        #.....       98%         2    ###....
 Poisonous Vapours        Pois/Air       #.....       98%         2    ###....
 Searing Ray              Conj           #.....       98%         2    ###....
 Confuse                  Hex            #.......     100%        3    ####...
 Dazzling Spray           Conj/Hex       #.....       100%        3    ####...
 Mephitic Cloud           Conj/Pois/Air  #.......     100%        3    ####...
 Tukima's Dance           Hex            #.......     100%        3    ####...
 Force Lance              Conj/Tloc      #.......     100%        4    #####..
 Fulminant Prism          Conj/Hex       #.........   100%        4    #####..
 Iskenderun's Mystic Bla  Conj           #.......     100%        4    #####..
 Olgreb's Toxic Radiance  Pois           #.......     100%        4    #####..
 Venom Bolt               Conj/Pois      #.........   100%        5    ######.


Dungeon Overview and Level Annotations

Branches:
Dungeon (9/15)             Temple (0/1) D:7             Orc (0/2) D:9
   Lair: D:8-11

Altars:
Fedhas
Gozag
Kikubaaqudgha
Makhleb
Ru
Sif Muna
Uskayaw
Wu Jian
Xom
Beogh

Shops:
D:4 (   D:5 (

Annotations:
D:9 Erolcha


Innate Abilities, Weirdness & Mutations

You reflexively headbutt those who attack you in melee.
You have a pair of horns on your head.


Message History

Erolcha hits you with a +0 giant club!
The orc shouts, "No!
I'll never do that again!"
Okay, then.
You feel much better.
Erolcha zaps a wand.
The bolt of acid hits you but does no damage.
The acid corrodes you!
You are splashed with acid!
You block Erolcha's attack.
Okay, then.
Blink to where?
Press: ? - help, Dir - move target cursor You are very lightly contaminated with residual magic.
As you read the scroll of blinking, it crumbles to dust.
Erolcha gestures at you while chanting. You resist with some effort.
Found a ration.
Found an amulet of harm.
Erolcha tries to grin evilly.
Erolcha zaps a wand.
The bolt of acid misses you.
You see here a ration.
Erolcha zaps a wand.
The bolt of acid hits you!
You are splashed with acid!
You die...

##.####.##### .# #.#
#.######.# #.#
#........####.#
#.O....O§######
#.######.#.o...
#.#.....)8.....
#####O#.###.)))...o
#@..%...# #..8..o.o
#...##.#.# #..#.....
#.###.#........#...$.
#.# #.######..#8o_o>
#.# #.# ##.#.o.oo #.
.# #.# .... # #


You could see Erolcha.

Vanquished Creatures
  Pikel (D:6)
  Grinder (D:6)
  A wyvern (D:8)
  4 hogs (D:7)
  A human (D:7)
  A hungry ghost (D:8)
  Menkaure (D:6)
  A sky beast (D:8)
  An ice beast (D:5)
  2 centaurs
  3 ogres
  A phantom (D:6)
  A big kobold (D:8)
  3 bullfrogs
  A scorpion (D:5)
  A water moccasin skeleton (D:6)
  4 killer bees (D:4)
  3 howler monkeys
  2 crimson imps
  2 bullfrog zombies
  A centaur skeleton (D:6)
  11 orc priests
  A bullfrog skeleton (D:7)
  8 orc wizards
  Crazy Yiuf (D:7)
  3 iguanas
  3 worker ants
  5 hound skeletons
  2 hound zombies (D:5)
  A howler monkey zombie (D:6)
  Robin (D:3)
  5 gnolls
  8 adders
  An ooze (D:3)
  An adder skeleton (D:2)
  2 adder zombies (D:2)
  A dart slug (D:2)
  2 worms (D:2)
  7 leopard geckos
  36 orcs
  2 ball pythons (D:1)
  6 giant cockroaches
  12 goblins
  12 hobgoblins
  3 jackals (D:8)
  9 kobolds
  A quokka (D:2)
  5 bats
  3 frilled lizards
  A giant cockroach zombie (D:2)
  A leopard gecko skeleton (D:4)
  A leopard gecko zombie (D:2)
  A quokka skeleton (D:4)
  4 rats
  A butterfly (D:7)
197 creatures vanquished.

Vanquished Creatures (others)
  A slave (D:6)
  A gnoll (D:6)
  2 orcs (D:9)
  A quokka zombie (D:6)
5 creatures vanquished.

Grand Total: 202 creatures vanquished

Notes
Turn   | Place    | Note
-------+----------+-------------------------------------------
     0 | D:1      | SirCrawlalot the Minotaur Fighter began the quest for the
                  | Orb.
     0 | D:1      | Reached XP level 1. HP: 19/19 MP: 0/0
   180 | D:1      | Reached XP level 2. HP: 17/27 MP: 1/1
   915 | D:2      | Reached XP level 3. HP: 32/33 MP: 2/2
   972 | D:2      | Reached skill level 3 in Polearms
  1034 | D:2      | Found an ornate altar of the Wu Jian Council.
  1057 | D:2      | Became a worshipper of the Wu Jian Council
  1160 | D:2      | Found an opulent altar of Gozag.
  1359 | D:2      | Reached XP level 4. HP: 40/40 MP: 3/3
  1383 | D:2      | Found a shimmering altar of Xom.
  1551 | D:3      | Reached * piety under Wu Jian
  1602 | D:3      | Noticed Robin
  1610 | D:3      | Killed Robin
  1610 | D:3      | Reached skill level 4 in Polearms
  2036 | D:3      | Found a shimmering altar of Xom.
  2074 | D:3      | Found an ancient bone altar of Kikubaaqudgha.
  2077 | D:3      | Found a blossoming altar of Fedhas.
  2159 | D:4      | Noticed an ogre
  2166 | D:4      | Killed an ogre
  2166 | D:4      | Reached XP level 5. HP: 34/47 MP: 4/4
  2285 | D:4      | Reached skill level 5 in Polearms
  2316 | D:4      | Found a hide-covered altar of Uskayaw.
  2328 | D:4      | Reached skill level 5 in Armour
  2329 | D:4      | Reached XP level 6. HP: 45/53 MP: 5/5
  2345 | D:4      | Reached skill level 6 in Polearms
  2463 | D:4      | Reached ** piety under Wu Jian
  2553 | D:4      | Reached skill level 5 in Fighting
  2712 | D:4      | Found Zadd's Antique Weapon Boutique.
  2738 | D:4      | Found a burning altar of Makhleb.
  2738 | D:4      | Noticed a cacodemon
  2761 | D:4      | Reached XP level 7. HP: 61/61 MP: 6/6
  2979 | D:4      | Reached skill level 7 in Polearms
  2979 | D:4      | Reached skill level 5 in Shields
  3380 | D:4      | Found a deep blue altar of Sif Muna.
  3417 | D:5      | Entered Level 5 of the Dungeon
  3514 | D:5      | Found Gubolist's Antique Weapon Emporium.
  3971 | D:5      | Reached skill level 8 in Polearms
  3971 | D:5      | Reached XP level 8. HP: 65/69 MP: 7/7
  4335 | D:6      | Reached *** piety under Wu Jian
  4375 | D:6      | Noticed Grinder
  4395 | D:6      | Killed Grinder
  4395 | D:6      | Reached skill level 9 in Polearms
  4650 | D:6      | Noticed Pikel
  4660 | D:6      | Killed Pikel
  4660 | D:6      | Reached skill level 10 in Polearms
  4660 | D:6      | Reached XP level 9. HP: 37/78 MP: 8/8
  4745 | D:6      | Noticed Menkaure
  4754 | D:6      | Killed Menkaure
  5125 | D:7      | Found a staircase to the Ecumenical Temple.
  5511 | D:7      | Found a runed translucent door.
  5512 | D:7      | Noticed Crazy Yiuf
  5677 | D:7      | Reached skill level 11 in Polearms
  5846 | D:7      | Found a sacrificial altar of Ru.
  5948 | D:7      | Killed Crazy Yiuf
  6156 | D:8      | Reached **** piety under Wu Jian
  6286 | D:8      | Reached XP level 10. HP: 73/89 MP: 9/9
  6518 | D:8      | Found a blossoming altar of Fedhas.
  6525 | D:8      | Reached skill level 12 in Polearms
  6697 | D:9      | Found a roughly hewn altar of Beogh.
  6697 | D:9      | Found a staircase to the Orcish Mines.
  6697 | D:9      | Noticed Erolcha
  6720 | D:9      | Splashed by Erolcha's acid

Skill      XL: |  1  2  3  4  5  6  7  8  9 10 |
---------------+-------------------------------+-----
Armour         | 4 5 6 8 9 |  9.2
Shields        | 4 5 6 7 |  7.3
Fighting       | 4 5 6 8 |  8.5
Polearms       | 3 4 5 6 8 10 11 12 | 12.0

Action                   |  1- 3 |  4- 6 |  7- 9 | 10-12 || total
-------------------------+-------+-------+-------+-------++-------
Melee: Trident           |   108 |   152 |   301 |    60 ||   621
       Headbutt          |     8 |    23 |    60 |    12 ||   103
Invok: Whirlwind         |       |       |     8 |     1 ||     9
       Lunge             |       |       |     2 |       ||     2
  Use: Scroll            |     9 |     4 |     6 |     3 ||    22
       Potion            |     3 |     1 |     7 |     2 ||    13
  Eat: Chunk             |     2 |     4 |     8 |     3 ||    17
       Ration            |       |       |     1 |       ||     1
Armor: Scale mail        |    17 |       |       |       ||    17
       Chain mail        |    19 |    37 |   139 |    14 ||   209
Dodge: Dodged            |    24 |    39 |    76 |     7 ||   146
Block: Shield            |    13 |       |       |       ||    13
       Buckler           |    18 |    26 |    65 |     8 ||   117
